 Dungeon Crawl Stone Soup version 0.28.0 (webtiles) character file.

Game seed: 10319769250650085665

2821 browni3141 the Fighter (level 9, -1/82 HPs)
             Began as a Minotaur Berserker on Feb 11, 2022.
             Was an Elder of Trog.
             Slain by an orc warrior (7 damage)
             ... on level 7 of the Dungeon.
             The game lasted 00:03:10 (6455 turns).

browni3141 the Fighter (Minotaur Berserker)         Turns: 6455, Time: 00:03:11

Health: -1/82      AC: 25    Str: 23    XL:     9   Next: 45%
Magic:  8/8        EV: 11    Int:  4    God:    Trog [****..]
Gold:   320        SH:  0    Dex: 13    Spells: 8/8 levels left

rFire   . . .      SeeInvis +   w - +0 war axe
rCold   + . .      Faith    .   (no shield)
rNeg    . . .      Spirit   .   D - +4 chain mail {rPois}
rPois   +          Reflect  .   (helmet restricted)
rElec   .          Harm     .   r - +2 cloak of the Thief {*Fog Slay-2 SInv Stlth+}
rCorr   .          Rampage  .   l - +0 pair of gloves
Will    .....                   o - +0 pair of boots
Stlth   ..........              k - amulet of regeneration
HPRegen 1.03/turn               x - +4 ring of protection
MPRegen 0.11/turn               F - ring of protection from cold

@: on berserk cooldown, slowed, very slow
A: horns 2, retaliatory headbutt
a: Renounce Religion, Berserk, Trog's Hand, Brothers in Arms


You were on level 7 of the Dungeon.
You worshipped Trog.
Trog was greatly pleased with you.
You visited 1 branch of the dungeon, and saw 7 of its levels.

You collected 320 gold pieces.

Inventory:

Hand Weapons
 a - a +0 hand axe
 w - a +0 war axe (weapon)
Armour
 b - a +0 animal skin
 l - a +0 pair of gloves (worn)
 o - a +0 pair of boots (worn)
 q - a +0 chain mail
 r - the +2 cloak of the Thief (worn) {*Fog Slay-2 SInv Stlth+}
   (You found it on level 4 of the Dungeon)

   It may release a thick cloud of smoke when the wearer is hurt.
   Slay:      It affects your accuracy & damage with ranged weapons and melee
   (-2).
   SInv:      It lets you see invisible.
   Stlth:     It makes you more stealthy.
 D - a +4 chain mail of poison resistance (worn)
Jewellery
 k - an amulet of regeneration (around neck)
 x - a +4 ring of protection (left hand)
 y - an amulet of reflection
 A - a +6 ring of intelligence
 C - a ring of resist corrosion
 F - a ring of protection from cold (right hand)
 G - a ring of positive energy
Wands
 t - a wand of charming (7)
 B - a wand of polymorph (8)
Scrolls
 c - 2 scrolls of blinking {unknown}
 e - a scroll of enchant weapon {unknown}
 f - a scroll of magic mapping {unknown}
 g - 4 scrolls of teleportation {unknown}
 h - 7 scrolls of identify {unknown}
 i - 2 scrolls of fear {unknown}
 j - a scroll of acquirement {unknown}
 m - a scroll of vulnerability {unknown}
 v - 2 scrolls of enchant armour {unknown}
 z - a scroll of fog {unknown}
 E - 3 scrolls of holy word {unknown}
Potions
 d - 4 potions of curing {unknown}
 n - a potion of ambrosia {unknown}
 p - a potion of lignification {unknown}
 s - 2 potions of degeneration {unknown}
 u - 2 potions of mutation {unknown}


   Skills:
 + Level 8.7 Fighting
 + Level 8.6 Axes
 + Level 8.1 Armour
 + Level 7.4 Dodging


You had 8 spell levels left.
You didn't know any spells.
Your spell library was empty.

Dungeon Overview and Level Annotations

Branches:
Dungeon (7/15)             Temple (0/1) D:4

Altars:
Cheibriados
Kikubaaqudgha
Qazlal

Shops:
D:6 :

Annotations:
D:5 2 runed translucent doors


Innate Abilities, Weirdness & Mutations

You have a pair of horns on your head.
You reflexively headbutt those who attack you in melee.


Message History

With a swish of your cloak, you release a cloud of fog.
You see here a +0 halberd.
The orc warrior closely misses you. You furiously retaliate!
You headbutt the orc warrior.
Things that are here:
a +0 halberd; a gnoll corpse You completely miss the orc warrior.
You headbutt the orc warrior!
The orc warrior is moderately wounded.
The orc warrior barely misses you. x2; You furiously retaliate!
You headbutt the orc warrior, but do no damage.
You see here a +0 whip.
You hit the orc warrior.
The orc warrior is heavily wounded.
The orc warrior hits you with a +0 war axe! x2
The shadow imp closely misses you.
You barely miss the orc warrior.
You headbutt the orc warrior, but do no damage.
The orc warrior is heavily wounded.
You hit the shadow imp but do no damage.
The orc warrior hits you with a +0 war axe.
The shadow imp gestures at you. Pain shoots through your body!
* * * LOW HITPOINT WARNING * * *
You are too injured to fight recklessly!
You closely miss the orc warrior. Your headbutt misses the orc warrior.
The orc warrior is heavily wounded.
You barely miss the shadow imp.
The orc warrior hits you with a +0 war axe!
* * * LOW HITPOINT WARNING * * *
The shadow imp closely misses you.
The orc warrior hits you with a +0 war axe.
* * * LOW HITPOINT WARNING * * *
The shadow imp hits you but does no damage.
You are too injured to fight recklessly!
You barely miss the orc warrior. Your punch misses the orc warrior.
The orc warrior is heavily wounded.
You hit the shadow imp.
You hear the faint creaking of a very distant portcullis.
The orc warrior hits you with a +0 war axe!
You die...

#..............##..............
#################....).######..
#......# #.. ##########......#
### #.......##......#
#...............+
#...............#
#...§.))....##+##
#.....§@.....# #...§.5o####.#
#....§))§..#.# #.....)§##.....
#.....§§§# #### ##.#P..§§§♣
#..≈≈≈§≈.≈≈P. #.P≈≈§P≈≈≈≈≈P.
#PP≈≈≈≈≈≈.≈≈...


You could see an orc warrior and a shadow imp.

Vanquished Creatures
  2 trolls (D:5)
  An acid dragon (D:5)
  A sky beast (D:7)
  6 ogres
  A centaur (D:6)
  A phantom (D:2)
  A kobold brigand (D:5)
  Blork the orc (D:4)
  4 scorpions
  A killer bee (D:7)
  2 water moccasin skeletons
  A centaur zombie (D:3)
  A bullfrog zombie (D:5)
  A jelly (D:5)
  3 orc priests
  6 hounds
  A gnoll shaman (D:7)
  A bullfrog skeleton (D:6)
  Jessica (D:3)
  Natasha (twice) (D:2)
  4 orc wizards
  A killer bee zombie (D:7)
  2 hound skeletons
  A howler monkey zombie (D:6)
  13 gnolls
  A howler monkey skeleton (D:7)
  10 adders
  A shadow imp (D:6)
  A white imp (D:7)
  An adder zombie (D:4)
  An adder skeleton (D:4)
  4 worms
  2 dart slugs
  18 orcs
  6 ball pythons
  8 endoplasms
  A giant cockroach (D:1)
  8 goblins
  6 hobgoblins
  8 kobolds
  6 quokkas
  6 bats
  4 frilled lizards (D:2)
  8 rats
159 creatures vanquished.

Vanquished Creatures (others)
  A plant (D:7)
1 creature vanquished.

Grand Total: 160 creatures vanquished

Notes
Turn   | Place    | Note
-------+----------+-------------------------------------------
     0 | D:1      | browni3141 the Minotaur Berserker began the quest for the
                  | Orb.
     0 | D:1      | Reached XP level 1. HP: 19/19 MP: 0/0
   210 | D:1      | Reached XP level 2. HP: 25/27 MP: 1/1
   984 | D:1      | You fall into a shaft and drop 1 floor!
   984 | D:2      | Noticed a phantom
   997 | D:2      | Killed a phantom
   998 | D:2      | Reached XP level 3. HP: 34/34 MP: 2/2
   998 | D:2      | Reached XP level 4. HP: 41/41 MP: 3/3
  1281 | D:2      | Noticed Natasha
  1285 | D:2      | Killed Natasha
  1337 | D:2      | Reached XP level 5. HP: 44/47 MP: 4/4
  1736 | D:2      | Noticed Natasha
  1748 | D:2      | Killed Natasha
  2490 | D:2      | Reached ** piety under Trog
  2491 | D:2      | Reached skill level 5 in Axes
  2725 | D:3      | Reached skill level 5 in Fighting
  3184 | D:3      | Noticed an ogre
  3194 | D:3      | Killed an ogre
  3195 | D:3      | Reached XP level 6. HP: 56/56 MP: 5/5
  3706 | D:3      | Noticed Jessica
  3709 | D:3      | Killed Jessica
  3898 | D:4      | Found the +2 cloak of the Thief {*Fog Slay-2 SInv Stlth+}
  4168 | D:4      | Reached skill level 5 in Armour
  4168 | D:4      | Reached XP level 7. HP: 50/62 MP: 6/6
  4439 | D:4      | Noticed Blork the orc
  4445 | D:4      | Killed Blork the orc
  4446 | D:4      | Reached skill level 5 in Dodging
  4485 | D:4      | Found a staircase to the Ecumenical Temple.
  4503 | D:4      | Found an ancient bone altar of Kikubaaqudgha.
  4618 | D:4      | Reached *** piety under Trog
  4749 | D:5      | Entered Level 5 of the Dungeon
  4763 | D:5      | Reached XP level 8. HP: 71/71 MP: 7/7
  5131 | D:5      | Found a large runed translucent door.
  5131 | D:5      | Found a large runed translucent door.
  5134 | D:5      | Noticed a troll
  5141 | D:5      | Found a large runed translucent door.
  5141 | D:5      | Found a large runed translucent door.
  5335 | D:5      | Noticed a troll
  5348 | D:5      | Killed a troll
  5679 | D:5      | Found a stormy altar of Qazlal.
  5718 | D:5      | Reached XP level 9. HP: 81/81 MP: 8/8
  5817 | D:5      | Killed a troll
  5955 | D:6      | Found Sugej's Book Boutique.
  6208 | D:6      | Found a snail-covered altar of Cheibriados.
  6388 | D:7      | Reached **** piety under Trog
  6455 | D:7      | Slain by an orc warrior

Illustrated notes

Levels and vault maps discovered:
D:1:      dpeg_arrival_another_circle, layout_basic
D:2:      minmay_razor_zed, layout_basic, uniq_natasha
D:3:      layout_loops_ring, uniq_jessica
D:4:      layout_gridville, mainiacjoe_overflow_catwalk,
          minmay_temple_entry_tees, minmay_fractal_squares_diagonal_5,
          uniq_blork_the_orc
D:5:      layout_loops_ring, kennysheep_flooded_box,
          minmay_hollow_rounded_squares
D:6:      layout_rooms, slow_altar_2, serial_shops, shop
D:7:      layout_basic, enter_bailey_3, serial_bayou_pond_b

Skill      XL: |  1  2  3  4  5  6  7  8  9 |
---------------+----------------------------+-----
Axes           | 4 5 6 7 8 |  8.6
Fighting       | 4 5 6 8 |  8.7
Armour         | 3 4 5 7 8 |  8.1
Dodging        | 3 4 5 6 7 |  7.4

Action                   |  1- 3 |  4- 6 |  7- 9 || total
-------------------------+-------+-------+-------++-------
Melee: Hand axe          |    50 |   142 |    16 ||   208
       Headbutt          |     7 |    23 |    39 ||    69
       Punch             |       |     1 |     1 ||     2
       War axe           |       |       |   181 ||   181
Invok: Berserk           |     1 |     3 |     7 ||    11
 Stab: Sleeping          |       |     1 |       ||     1
Armor: Animal skin       |    12 |    20 |       ||    32
       Chain mail        |       |    15 |   140 ||   155
Dodge: Dodged            |    30 |    89 |   125 ||   244
